Map: Prion Terraces

Players

HyuN - Winner!

  • Race: Zerg Zerg
  • League: Platinum

uThermal

  • Race: Terran Terran
  • League: Grandmaster

Event: Homestory Cup XII

VOD

Have the link to the VOD?

Description

Time

  • Played on: Dec. 18, 2015, 10:22 a.m.
  • Length: 6:20

All games in this series

Show
View Real Time Build Order
Export as new Build Order

HyuN Zerg - Winner!

Build Orders: Hatch First 

Get SALT Encoding   

  12  0:00  Drone  
  13  0:12  Overlord  
  13  0:17  Drone  
  14  0:30  Drone  
  14  0:31  Drone  
  14  0:34  Drone  
  17  0:51  Hatchery  
  17  0:54  Drone  
  17  0:58  Drone  
  18  1:08  Extractor  
  17  1:13  Spawning Pool  
  17  1:15  Drone  
  17  1:18  Drone  
  18  1:28  Drone  
  19  1:38  Overlord  
  19  2:00  Queen  
  21  2:01  Zergling x4  
  21  2:03  Zergling x2, Queen  
  26  2:08  Metabolic Boost  
  26  2:11  Drone  
  26  2:14  Drone  
  28  2:22  Drone  
  29  2:29  Drone  
  30  2:36  Queen  
  32  2:43  Zergling x2  
  32  2:44  Overlord  
  32  2:52  Zergling x4  
  32  2:55  Queen  
  36  3:00  Overlord  
  36  3:03  Zergling x2  
  37  3:11  Zergling x14  
  43  3:17  Zergling x2  
  43  3:19  Queen  
  44  3:21  Zergling x2  
  44  3:26  Zergling x2  
  45  3:45  Drone x4  
  45  3:47  Drone x2  
  46  3:49  Drone  
  47  3:56  Drone  
  47  3:57  Drone  
  49  4:11  Hatchery, Roach Warren, Drone  
  49  4:12  Drone  
  49  4:15  Drone  
  48  4:17  Drone  
  48  4:23  Extractor  
  48  4:27  Overlord  
  48  4:28  Overlord  
  48  4:36  Zergling x2  
  48  4:37  Zergling x4  
  51  4:44  Drone x3  
  52  4:51  Roach  
  53  4:53  Roach  
  53  4:54  Roach x2  
  53  4:56  Roach x4  
  67  5:02  Overlord  
  67  5:19  Drone  
  68  5:25  Drone x6  
  68  5:28  Drone x4  
  76  5:31  Evolution Chamber  
  76  5:32  Evolution Chamber  
  74  5:35  Drone  
  74  5:37  Drone  
  74  5:42  Drone  
  77  5:45  Drone  
  77  5:46  Drone x2  
  80  5:52  Drone, Extractor  
  80  5:54  Drone  
  80  5:56  Drone  
  82  5:57  Overlord  
  82  5:58  Overlord x2  
  82  6:01  Extractor  
  81  6:05  Drone, Extractor  
  81  6:06  Extractor  
  81  6:07  Drone  
Show
View Real Time Build Order
Export as new Build Order

uThermal Terran 

Build Orders:  

Get SALT Encoding   

  12  0:01  SCV  
  13  0:13  SCV  
  14  0:17  Supply Depot  
  14  0:25  SCV  
  15  0:40  Barracks  
  15  0:42  Refinery  
  15  0:52  Barracks  
  15  1:06  Barracks  
  15  1:12  Refinery  
  15  1:27  Reaper  
  16  1:41  Reaper  
  17  1:47  Supply Depot  
  17  1:52  Reaper  
  18  1:59  Reaper  
  19  2:12  SCV  
  19  2:13  Reaper  
  21  2:24  SCV, Reaper  
  23  2:31  Reaper  
  24  2:45  Orbital Command  
  24  2:46  Reaper  
  25  2:57  Reaper  
  26  3:00  Supply Depot  
  26  3:03  Reaper  
  27  3:18  SCV, Reaper  
  28  3:29  Reaper  
  29  3:35  Reaper  
  25  3:50  SCV, Reaper  
  25  4:01  Reaper  
  25  4:02  SCV  
  27  4:07  Reaper  
  28  4:17  SCV  
  28  4:18  Command Center  
  28  4:22  Reaper  
  30  4:27  Supply Depot  
  30  4:29  SCV  
  31  4:33  Reaper  
  32  4:47  SCV  
  33  4:54  Reaper  
  33  4:59  SCV  
  35  5:05  Reaper  
  35  5:06  Barracks Tech Lab, Factory  
  35  5:11  SCV  
  36  5:23  SCV  
  34  5:30  Orbital Command  
  34  5:35  SCV  
  38  5:48  SCV  
  39  5:55  Factory Reactor  
  37  5:57  Starport  
  37  6:00  SCV  
  38  6:10  Command Center  
Tags
 
Add a new tag
Caveats
  • Supply blocks, unpowered buildings, or Contaminate may cause inaccurate times.
  • Supply counts are checked every 10 seconds.